 Dungeon Crawl Stone Soup version 0.29.1-15-g9cfb28693d (webtiles) character file.

Game seed: 4589625323778352128

116 hawla the Chiller (level 5, 0/38 HPs)
             Began as a Meteoran Ice Elementalist on Mar 8, 2023.
             Slain by Menkaure (3 damage)
             ... on level 4 of the Dungeon.
             The game lasted 00:04:04 (351 turns).

hawla the Chiller (Meteoran Ice Elementalist)        Turns: 351, Time: 00:04:05

Health: 0/38       AC:  2    Str:  9    XL:     5   Next: 45%
Magic:  0/11       EV: 13    Int: 18    God:
Gold:   6          SH:  0    Dex: 15    Spells: 3/11 levels left

rFire   . . .      SeeInvis .   (no weapon)
rCold   . . .      Faith    .   (no shield)
rNeg    . . .      Spirit   .   a - +0 robe
rPois   .          Reflect  .   (no helmet)
rElec   .          Harm     .   (no cloak)
rCorr   .          Rampage  .   (no gloves)
Will    .....                   (no boots)
Stlth   +.........              (no amulet)
HPRegen 0.12/turn               (no ring)
MPRegen 0.12/turn               (no ring)

@: very slightly contaminated, glowing
A: sense surroundings 1, otherworldly, glowing, explore regen
a: no special abilities


You were on level 4 of the Dungeon.
You visited 1 branch of the dungeon, and saw 5 of its levels.

You collected 24 gold pieces.
You spent 18 gold pieces at shops.

Inventory:

Armour
 a - a +0 robe (worn)
Potions
 b - a potion of degeneration {unknown}


   Skills:
 - Level 3.0 Dodging
 - Level 1.4 Stealth
 - Level 3.7 Spellcasting
 + Level 1.9 Conjurations
 - Level 5.7 Ice Magic


You had 3 spell levels left.
You knew the following spells:

 Your Spells              Type           Power      Damage    Failure   Level
a - Freeze                Ice            92%        1d10      1%          1
b - Frozen Ramparts       Ice            46%        1d7       4%          3
c - Hailstorm             Conj/Ice       17%        3d6       32%         4

Your spell library contained the following spells:

 Spells                   Type           Power      Damage    Failure   Level
 Ozocubu's Armour         Ice            23%        N/A       4%          3


Dungeon Overview and Level Annotations

Branches:
Dungeon (5/15) Zot: 2648
 Temple: D:4-7

Altars:

Shops:
D:3 *   D:4 :

Annotations:
D:4 Menkaure


Innate Abilities, Weirdness & Mutations

You passively map a small area around you.
You are easily found by Zot.
You glow in the dark.
You regain HP and MP as you explore.


Message History

Menkaure seems to speed up.
Casting: Hailstorm (extremely dangerous; 32% risk of failure)
Confirm with . or Enter, or press ? or * to list all spells.
The spell is extremely dangerous to miscast (32% risk of failure)!
Continue anyway?
Casting: Hailstorm (extremely dangerous; 32% risk of failure)
Press: ? - help, Dir - look around, f - activate A cannonade of hail descends around you!
The hail pelts Menkaure!
Menkaure partially resists.
Menkaure is moderately damaged.
The wall freezes Menkaure but does no damage.
Menkaure gestures at you while chanting.
You struggle to resist.
You aren't carrying any items that you can evoke.
Unknown command.
Your frozen ramparts will break if you move.
Continue?
Okay, then.
Menkaure resists.
The wall freezes Menkaure.
Menkaure resists.
The wall freezes Menkaure.
Casting: Hailstorm (extremely dangerous; 32% risk of failure)
Confirm with . or Enter, or press ? or * to list all spells.
Aiming: Freeze (safe; 1% risk of failure)
Press: ? - help, Shift-Dir - straight line, f - Menkaure
Aim: Menkaure (heavily damaged, fast)
You freeze Menkaure.
Menkaure resists.
Menkaure is heavily damaged.
Menkaure completely resists.
The wall freezes Menkaure but does no damage.
Menkaure calls on the powers of darkness!
Your body is wracked with pain!
Menkaure resists.
The wall freezes Menkaure.
Menkaure misses you.
You hit Menkaure but do no damage.
Menkaure is heavily damaged.
The wall freezes Menkaure but does no damage.
Menkaure hits you!
* * * LOW HITPOINT WARNING * * *
Unknown command.
You barely miss Menkaure.
Menkaure is heavily damaged.
The frozen ramparts melt away.
Menkaure hits you.
You die...

......#########
...>..........#
#.....#.#####.####
#8.?. #?# #....# ####
..# #....# ####
##...# ####....#####
########...........#
##..†....@M.>...###.#
#..#####..###.......
#####.## #.##
##..#### ####.....# *
*#.# #.## #....#####*
..# ..# #.####### ,
~(.# .## ......... ,
.≈.##* * ..#######*
##≈# ### *, **~


You could see Menkaure (fast).

Vanquished Creatures
  2 howler monkeys (D:3)
  2 adders (D:4)
  A worm (D:4)
  A ball python (D:4)
  A bat (D:2)
  2 goblins
  A hobgoblin (D:4)
  5 jackals (D:3)
  A kobold (D:4)
  2 frilled lizards (D:1)
  A rat (D:1)
19 creatures vanquished.

Notes
Turn   | Place    | Note
-------+----------+-------------------------------------------
     0 | D:1      | hawla the Meteoran Ice Elementalist began the quest for the
                  | Orb.
     0 | D:1      | Reached XP level 1. HP: 14/14 MP: 5/5
    95 | D:2      | Reached XP level 2. HP: 20/20 MP: 2/6
   165 | D:3      | Noticed a howler monkey
   177 | D:3      | Noticed a howler monkey
   190 | D:3      | Killed a howler monkey
   191 | D:3      | Reached skill level 5 in Ice Magic
   191 | D:3      | Reached XP level 3. HP: 23/26 MP: 2/8
   191 | D:3      | Reached XP level 4. HP: 29/33 MP: 2/9
   203 | D:3      | Reached XP level 5. HP: 11/38 MP: 6/11
   209 | D:3      | Learned a level 3 spell: Frozen Ramparts
   214 | D:3      | Learned a level 4 spell: Hailstorm
   239 | D:3      | Found Timygof's Assorted Antiques.
   246 | D:3      | Bought a smoky inky potion for 18 gold pieces
   259 | D:4      | Reached skill level 1 in Conjurations
   320 | D:4      | Found Xualuoddic's Book Boutique.
   321 | D:4      | Noticed Menkaure
   338 | D:5      | Entered Level 5 of the Dungeon
   338 | D:5      | Noticed a phantom
   351 | D:4      | Slain by Menkaure

Illustrated notes

Levels and vault maps discovered:
D:1:      mushboom_english_gardens, layout_basic,
          chequers_ecumenical_altar_island, minmay_hedge_maze, minmay_vboxes
D:2:      minmay_roachtagon, layout_rooms, serial_shops, nicolae_lakefront_shop,
          minmay_pentomino_x2, uniq_crazy_yiuf_cottage
D:3:      lemuel_castle_with_subvaults [lemuel_castle_interior_carwin_3],
          layout_rooms, mainiacjoe_overflow_paths, serial_shops, shop_statue,
          nicolae_shop_waterfront, portal_sewer_entry_a
D:4:      layout_rooms, serial_shops, nicolae_stop_n_shop_1,
          chequers_serial_rivers_micro_b, kennysheep_generic_room_16,
          uniq_menkaure
D:5:      layout_layer_cave, grunt_temple_overflow_bloody_war, temple_pool_b,
          biasface_ghost_orc_armoury

Skill      XL: |  1  2  3  4  5 |
---------------+----------------+-----
Spellcasting   | 3 |  3.7
Ice Magic      | 5 |  5.7
Dodging        | 3 |  3.0
Conjurations   | 1 |  1.9
Stealth        | |  1.4

Action                   |  1- 3 |  4- 6 || total
-------------------------+-------+-------++-------
Melee: Unarmed           |     1 |     5 ||     6
 Cast: Freeze            |    16 |    18 ||    34
       Hailstorm         |       |     1 ||     1
       Frozen Ramparts   |       |     1 ||     1
  Use: Potion            |       |     3 ||     3
       Scroll            |       |     3 ||     3
Armor: Robe              |    11 |     1 ||    12
       Skin              |       |     3 ||     3
Dodge: Dodged            |    18 |    14 ||    32
